 Dungeon Crawl Stone Soup version 0.28.0-45-g0d030f2227 (webtiles) character file.

Game seed: 6921640092210170806

14 Faeu the Covered (level 2, -6/27 HPs)
             Began as a Minotaur Fighter on Apr 5, 2022.
             Mangled by a gnoll
             ... wielding a +0 flail
              (7 damage)
             ... on level 1 of the Dungeon.
             The game lasted 00:01:16 (164 turns).

Faeu the Covered (Minotaur Fighter)                  Turns: 164, Time: 00:01:16

Health: -6/27      AC:  7    Str: 20    XL:     2   Next: 27%
Magic:  1/1        EV:  9    Int:  5    God:
Gold:   0          SH:  4    Dex:  9    Spells: 1/1 levels left

rFire   . . .      SeeInvis .   a - +0 war axe {axe}
rCold   . . .      Faith    .   c - +0 buckler
rNeg    . . .      Spirit   .   b - +0 scale mail
rPois   .          Reflect  .   (helmet restricted)
rElec   .          Harm     .   (no cloak)
rCorr   .          Rampage  .   (no gloves)
Will    .....                   (no boots)
Stlth   ..........              (no amulet)
HPRegen 0.09/turn               (no ring)
MPRegen 0.07/turn               (no ring)

@: no status effects
A: horns 2, retaliatory headbutt
a: no special abilities


You were on level 1 of the Dungeon.
You visited 1 branch of the dungeon, and saw 1 of its levels.


Innate Abilities, Weirdness & Mutations

You have a pair of horns on your head.
You reflexively headbutt those who attack you in melee.


   Skills:
 + Level 3.9 Fighting
 + Level 2.8 Axes
 + Level 3.9 Armour
 + Level 0.8 Dodging
 - Level 3.6 Shields


You had one spell level left.
You didn't know any spells.
Your spell library was empty.

Inventory:

Hand Weapons
 a - a +0 war axe (weapon) {axe}
Armour
 b - a +0 scale mail (worn)
 c - a +0 buckler (worn)
Potions
 d - a potion of might

Dungeon Overview and Level Annotations

Branches:
Dungeon (1/15)

Altars:

Shops:
D:1

: .. ## ...#### ###.#
# ...r...####...# #
...#.r@......# #
......)g..#...#### #
######..#........####
# ##..).∩........####
####..............
#....###....)##
###...######.).'.
#..............#.
.................#.


You could see a gnoll, a quokka and a rat.


Message History

The quokka bites you. 😕 HP[-1]
You take 1 damage, and now have 19/20 hp.
You completely miss the quokka. Your headbutt misses the quokka.
The quokka twitches its whiskers.
The quokka bites you. 😕 HP[-1]
You take 1 damage, and now have 18/20 hp.
You hit the quokka. The quokka barely misses you.
The quokka bites you but does no damage.
The kobold completely misses you.
A rat comes into view.
You closely miss the quokka. You closely miss the kobold.
A goblin comes into view. It is wielding a +0 club.
The quokka bites you but does no damage.
The kobold hits you but does no damage. The quokka closely misses you.
You slash the quokka!
You kill the quokka!
You hit the kobold.
You kill the kobold!
A rat comes into view.
Things that are here:
a +0 dagger {short}; a quokka corpse A goblin comes into view.
It is wielding a +0 club.
The goblin shouts!
The rat bites you but does no damage.
You hit the rat. The rat barely misses you. You furiously retaliate!
You headbutt the rat!
You kill the rat!
You see here a rat corpse.
You hit the rat.
You kill the rat!
The goblin misses you.
You slash the goblin!
You kill the goblin!
You closely miss the goblin. The goblin hits you but does no damage.
You have reached level 2! 😕 HP[+7] MP[+1]
You now have 27 max hp (+7).
You regained 7 hp, and now have 25/27 hp.
Your mp is fully restored (1).
You barely miss the goblin. You headbutt the goblin.
You kill the goblin!
You see here a +0 club {mace}.
You see here a +0 club {mace}. 😕 HP[+1]
Things that are here:
a +0 club {mace}; a rat corpse
Things that are here:
a +0 dagger {short}; a quokka corpse You see here a +0 club {mace}.
A goblin comes into view. It is wielding a +0 dagger.
Found a scroll labelled YKLEWIPSOLIH.
Found Jibiro's Book Boutique.
The goblin moves out of view. 😎 HP[+1]
A bat comes into view.
The bat moves out of view.
A goblin is nearby!
You slash the goblin!
You kill the goblin!
Things that are here:
a +0 dagger {short}; a goblin corpse A hobgoblin comes into view.
The hobgoblin shouts!
There is an entrance to Jibiro's Book Boutique here.
A gnoll comes into view. It is wielding a +0 flail.
The gnoll shouts!
The hobgoblin misses you.
You hit the hobgoblin.
You kill the hobgoblin!
A quokka comes into view.
A goblin comes into view. It is wielding a +0 club.
The goblin shouts!
The gnoll hits you with a +0 flail. 😕 HP[-3]
You take 3 damage, and now have 24/27 hp.
You hit the gnoll.
You headbutt the gnoll, but do no damage.
The gnoll hits you with a +0 flail.
A rat comes into view.
The quokka bites you but does no damage. 😕 HP[-3]
You take 3 damage, and now have 21/27 hp.
You barely miss the gnoll. Your headbutt misses the gnoll.
You barely miss the quokka. The gnoll hits you with a +0 flail.
The quokka bites you. The gnoll closely misses you. The quokka bites you.
* * * LOW HITPOINT WARNING * * *
The goblin misses you. You furiously retaliate!
You headbutt the goblin!
You kill the goblin!
You hit the gnoll. You headbutt the gnoll. You closely miss the quokka.
The quokka bites you but does no damage.
The gnoll hits you with a +0 flail!
* * * LOW HITPOINT WARNING * * *
😱 HP[-20]
You take 20 damage, and now have 1/27 hp.
MASSIVE DAMAGE!! (PAUSE)
You closely miss the gnoll. You hit the quokka.
The quokka bites you but does no damage.
The gnoll hits you with a +0 flail!
You die...

Action                   || total
-------------------------++-------
Melee: War axe           ||    21
       Headbutt          ||     3
Armor: Scale mail        ||    11
Dodge: Dodged            ||    13
Block: Buckler           ||     1

Levels and vault maps discovered:
D:1:      dpeg_arrival_tiny_a, layout_rooms, shapermc_ecumenical_altar_ellora,
          serial_shops, shop

Notes
Turn   | Place    | Note
-------+----------+-------------------------------------------
     0 | D:1      | Faeu the Minotaur Fighter began the quest for the Orb.
     0 | D:1      | Reached XP level 1. HP: 19/19 MP: 0/0
     0 | D:1      | magus.rc [v1.9.6]
    73 | D:1      | Found a faded altar of an unknown god.
   127 | D:1      | Reached XP level 2. HP: 25/27 MP: 1/1
   148 | D:1      | Found Jibiro's Book Boutique.
   163 | D:1      | HP: 1/27 [gnoll/+0 flail (9)]
   164 | D:1      | Mangled by a gnoll

Vanquished Creatures
  5 goblins (D:1)
  2 hobgoblins (D:1)
  A kobold (D:1)
  A quokka (D:1)
  A bat (D:1)
  2 rats (D:1)
12 creatures vanquished.

Vanquished Creatures (others)
  2 fungi (D:1)
2 creatures vanquished.

Grand Total: 14 creatures vanquished

Table legend:
 A = Non-vault XP
 B = Vault XP
 C = Vault XP percentage of total XP
 D = Non-vault monster count
 E = Vault monster count
 F = Vault count percentage of total count
                 A         B        C        D         E       F
            +---------+---------+-------+---------+---------+-------
      Total |      20 |       0 |   0.0 |      12 |       0 |   0.0
            +---------+---------+-------+---------+---------+-------
        D:1 |      20 |       0 |   0.0 |      12 |       0 |   0.0
            +---------+---------+-------+---------+---------+-------

Illustrated notes

Table legend:
 A = Kills in this place as a percentage of kills in entire the game.
 B = Kills by you in this place as a percentage of kills by you in the entire game.
 C = Kills by friends in this place as a percentage of kills by friends in the entire game.
 D = Other kills in this place as a percentage of other kills in the entire game.
 E = Experience gained in this place as a percentage of experience gained in the entire game.
 F = Experience gained in this place divided by the number of levels of this place that you have seen.
                   A       B       C       D       E      F
               +-------+-------+-------+-------+-------+----------------------
         Total | 100.0 | 100.0 |   N/A |   N/A | 100.0 |  20.0
       Dungeon | 100.0 | 100.0 |   N/A |   N/A | 100.0 |  20.0
               +-------+-------+-------+-------+-------+----------------------

Table legend: (Time is in decaauts)
 A = Elapsed time spent in this place.
 B = Non-inter-level travel time spent in this place.
 C = Inter-level travel time spent in this place.
 D = Time resting spent in this place.
 E = Time spent auto-exploring this place.
 F = Levels seen in this place.
 G = Mean time per level.
                   A        B        C        D        E       F      G
               +--------+--------+--------+--------+--------+-----+--------+
         Total |    172 |    172 |      0 |      0 |     88 |   1 |  172.0 |
       Dungeon |    172 |    172 |      0 |      0 |     88 |   1 |  172.0 |
               +--------+--------+--------+--------+--------+-----+--------+

Top non-repeatable levels by time:
     D:1: 172 daAuts
